 Dungeon Crawl Stone Soup version 0.29.1-15-g9cfb28693d (webtiles) character file.

Game seed: 4603810695726488467

5574 SarahSagabaen the Covert (level 10, -2/65 (68) HPs)
             Began as a Gnoll Enchanter on Apr 11, 2023.
             Was a Plaything of Xom.
             Slain by a wyvern (6 damage)
             ... on level 9 of the Dungeon.
             The game lasted 00:46:08 (10645 turns).

SarahSagabaen the Covert (Gnoll Enchanter)         Turns: 10645, Time: 00:46:08

HP:   -2/65 (68)    AC:  7    Str:  5    XL:     10   Next: 72%
MP:   32/32         EV: 14    Int: 16    God:    Xom [*.....]
Gold: 492           SH:  0    Dex:  9    Spells: 16/24 levels left

rFire   . . .      SeeInvis .   m - +4 quarterstaff (freeze)
rCold   + + .      Faith    +   (shield currently unavailable)
rNeg    . . .      Spirit   .   f - +0 robe of Fun and Games {rElec rC++ MP+9 Str-5}
rPois   +          Reflect  .   (no helmet)
rElec   +          Harm     .   l - +2 cloak {rPois}
rCorr   .          Rampage  .   J - +1 pair of gloves "Ekenab" {Stlth+}
Will    +....                   (no boots)
Stlth   +++++.....              j - amulet of faith
HPRegen 0.20/turn               u - ring of wizardry
MPRegen 0.23/turn               K - +4 ring of slaying

@: mighty, cleaving, lightly drained
A: fangs 1, strong nose, distributed training, clumsy 2, deformed body, frail 1,
high MP 1, strong-willed 1, inability to read after injury 1
a: Renounce Religion


You were on level 9 of the Dungeon.
You worshipped Xom.
You were a special plaything of Xom.
You visited 2 branches of the dungeon, and saw 10 of its levels.
You also visited: Sewer.

You collected 1792 gold pieces.
You spent 1300 gold pieces at shops.

Inventory:

Hand Weapons
 a - a +1 dagger
 m - a +4 quarterstaff of freezing (weapon)
Missiles
 k - 5 poisoned darts
 n - 2 atropa-tipped darts
 t - 4 boomerangs
 A - 7 curare-tipped darts (quivered)
 E - 6 javelins
Armour
 b - a +1 robe
 f - the +0 robe of Fun and Games (worn) {rElec rC++ MP+9 Str-5}
   (You found it on level 2 of the Dungeon)

   Str:       It affects your strength (-5).
   rC:        It greatly protects you from cold.
   rElec:     It insulates you from electricity.
   MP:        It affects your magic capacity (+9).
 l - a +2 cloak of poison resistance (worn)
 J - the +1 pair of gloves "Ekenab" (worn) {Stlth+}
   (You found it on level 7 of the Dungeon)

   Stlth:     It makes you more stealthy.
 O - a +0 troll leather armour
 Q - a +1 pair of boots
Jewellery
 d - an amulet of reflection
 j - an amulet of faith (around neck)
 u - a ring of wizardry (left hand)
 y - a ring of protection from cold
 G - a ring of positive energy
 K - a +4 ring of slaying (right hand)
 N - a ring of poison resistance
Wands
 h - a wand of flame (4)
 q - a wand of mindburst (4)
 s - a wand of quicksilver (3)
 H - a wand of polymorph (7)
Scrolls
 e - 5 scrolls of teleportation
 v - 2 scrolls of vulnerability
 w - a scroll of enchant armour
 D - 2 scrolls of identify
 F - 2 scrolls of summoning
 I - 2 scrolls of amnesia
 L - a scroll of magic mapping
 M - 2 scrolls of fear
 R - a scroll of poison
 T - a scroll of fog
Potions
 c - a potion of berserk rage
 g - a potion of flight {unknown}
 i - 5 potions of lignification
 o - a potion of brilliance {unknown}
 r - 4 potions of curing {unknown}
 x - a potion of might
 z - 5 potions of haste {unknown}
 B - a potion of cancellation {unknown}
 C - a potion of magic {unknown}
 S - a potion of mutation {unknown}


   Skills:
 + Level 5.7 Fighting
 + Level 6.3 Short Blades
 + Level 5.7 Long Blades
 + Level 5.7 Axes
 + Level 5.7 Maces & Flails
 + Level 5.7 Polearms
 + Level 5.7 Staves
 + Level 5.7 Ranged Weapons
 + Level 5.7 Throwing
 + Level 5.7 Armour
 + Level 7.4 Dodging
 + Level 8.4 Stealth
 + Level 5.7 Shields
 + Level 5.7 Unarmed Combat
 + Level 7.7 Spellcasting
 + Level 4.7 Conjurations
 + Level 7.3 Hexes
 + Level 4.7 Summonings
 + Level 4.7 Necromancy
 + Level 4.7 Translocations
 + Level 4.7 Transmutations
 + Level 4.7 Fire Magic
 + Level 4.7 Ice Magic
 + Level 4.7 Air Magic
 + Level 4.7 Earth Magic
 + Level 4.7 Poison Magic
 + Level 6.3 Invocations
 + Level 5.7 Evocations


You had 16 spell levels left.
You knew the following spells:

 Your Spells              Type           Power      Damage    Failure   Level
a - Ensorcelled Hibernat  Hex/Ice        50%        N/A       1%          2
b - Tukima's Dance        Hex            29%        N/A       1%          3
c - Dazzling Flash        Conj/Hex       50%        N/A       1%          3

Your spell library contained the following spells:

 Spells                   Type           Power      Damage    Failure   Level
 Passwall                 Tmut/Erth      17%        N/A       1%          2
 Confusing Touch          Hex            29%        N/A       1%          3
 Swiftness                Air            21%        N/A       1%          3


Dungeon Overview and Level Annotations

Branches:
Dungeon (9/15)             Temple (0/1) D:7             Orc (1/2) D:9
  Sewer (visited)
   Lair: D:8-11

Altars:
Dithmenos
Elyvilon
Kikubaaqudgha
Xom

Shops:
D:2 *   D:7 *[   D:9 *


Innate Abilities, Weirdness & Mutations

You have very sharp teeth.
Your uncanny sense of smell can sniff out nearby items.
Your experience applies equally to all skills.
You are very clumsy. (Dex -4)
Armour fits poorly on your strangely shaped body.
You are frail. (-10% HP)
You have an increased reservoir of magic. (+10% MP)
You are strong-willed. (Will+)
You occasionally lose the ability to read scrolls when taking damage.


Message History

The blast of lightning engulfs the yak!!!
The yak dies!
The blast of lightning engulfs the yak!!!
The yak dies!
Unknown command.
The yak gores you.
You sock the yak! You freeze the yak.
The yak is moderately wounded.
The yak gores you but does no damage. The yak gores you!
You feel threatened and lose the ability to read scrolls!
* * * LOW HITPOINT WARNING * * *
The yak attacks as you move away! The yak barely misses you.
The yak attacks as you move away! The yak barely misses you.
The yak attacks as you move away! The yak gores you!
* * * LOW HITPOINT WARNING * * *
You can read scrolls again.
As you read the scroll of fear, it crumbles to dust.
You assume a fearsome visage.
The yak easily resists.
The yak looks frightened!
A wyvern comes into view.
The yak gores you!
* * * LOW HITPOINT WARNING * * *
The wyvern hisses angrily.
The yak attacks as you move away! The yak closely misses you.
Blink to where?
Press: ? - help, Dir - move target
As you read the scroll of blinking, it crumbles to dust.
Throw: 8 darts (curare)
Press: ? - help, Q - select action, (/) - cycle Shift-Dir - straight line, f - wyvern
Aim: a wyvern (64% to hit)
You throw a curare-tipped dart. The curare-tipped dart hits the wyvern.
The wyvern is poisoned.
The wyvern convulses.
The wyvern seems to slow down.
The wyvern is moderately wounded.
Xom grants you a minor favour.
Your +4 quarterstaff of freezing looks sharp.
The wyvern attacks as you move away!
The wyvern bites you but does no damage.
The wyvern attacks as you move away! The wyvern bites you.
You die...
Xom thinks this is hilarious!

##.. ..#.....# #.. #... ##
#.#.##### #.. #..# .. #.#.# #..
#.##..# #.#.#.# #.. ....$###
#...#'########..
#####...#######........##..
#####..†....(Y.#..'........####
#..........§##l#.##........#
#...?.###...##@#.##........#
#.....# #...##...##........#
#.....# #...#######...(....#
##.YY## ##### ########## #..Y
#..Y #.Y. # # #


You could see a yak and a wyvern (very poisoned, slow).

Vanquished Creatures
  Erica (D:7)
  Pikel (D:6)
  2 trolls
  Sigmund (D:2)
  A shadow (D:9)
  A wyvern (D:8)
  A wraith (D:9)
  A fire bat (D:8)
  A steam dragon (D:7)
  4 water moccasins
  An orc warrior (Orc:1)
  A swamp drake (D:3)
  A sky beast (D:7)
  2 ice beasts
  2 centaurs
  2 ogres (D:7)
  A kobold brigand (D:8)
  A bullfrog (D:8)
  A gnoll sergeant (D:8)
  3 scorpions
  5 wights (D:7)
  3 killer bees (D:8)
  A howler monkey (D:5)
  An electric eel (D:7)
  3 orc priests
  A hound (D:5)
  2 jellies
  4 iguanas
  8 orc wizards
  Natasha (thrice) (D:3)
  5 gnolls
  15 adders
  A river rat (D:5)
  A shadow imp (D:5)
  2 worms
  5 dart slugs
  14 orcs
  3 endoplasms
  2 giant cockroaches
  5 hobgoblins
  9 jackals
  21 kobolds
  10 quokkas
  13 ball pythons
  5 bats
  A frilled lizard (D:2)
  3 goblins
  6 rats
181 creatures vanquished.

Vanquished Creatures (collateral kills)
  An ogre (D:4)
  Crazy Yiuf (D:3)
  2 gnolls
  A goblin (D:3)
  A frilled lizard (D:3)
  A kobold (D:1)
7 creatures vanquished.

Vanquished Creatures (others)
  4 yaks (D:9)
  4 dancing weapons
  A scorpion (D:6)
  A howler monkey (D:6)
  An orc (D:3)
  4 plants (D:7)
15 creatures vanquished.

Grand Total: 203 creatures vanquished

Notes
Turn   | Place    | Note
-------+----------+-------------------------------------------
     0 | D:1      | SarahSagabaen the Gnoll Enchanter began the quest for the
                  | Orb.
     0 | D:1      | Reached XP level 1. HP: 13/13 MP: 6/6
   398 | D:2      | Reached XP level 2. HP: 18/19 MP: 7/7
   401 | D:2      | Learned a level 2 spell: Ensorcelled Hibernation
   435 | D:2      | Identified the +0 robe of Fun and Games {rElec rC++ MP+9
                  | Str-5}
   656 | D:3      | Noticed Natasha
   657 | D:3      | Killed Natasha
   658 | D:3      | Reached skill level 6 in Stealth
   658 | D:3      | Reached skill level 5 in Spellcasting
   658 | D:3      | Reached skill level 1 in Invocations
   658 | D:3      | Reached XP level 3. HP: 25/25 MP: 7/9
   658 | D:3      | Found an ancient bone altar of Kikubaaqudgha.
   658 | D:3      | Found a shimmering altar of Xom.
   666 | D:3      | Noticed Natasha
   680 | D:3      | Killed Natasha
   681 | D:3      | Reached skill level 1 in Fighting
   681 | D:3      | Reached skill level 1 in Long Blades
   681 | D:3      | Reached skill level 1 in Axes
   681 | D:3      | Reached skill level 1 in Maces & Flails
   681 | D:3      | Reached skill level 1 in Polearms
   681 | D:3      | Reached skill level 1 in Staves
   681 | D:3      | Reached skill level 1 in Ranged Weapons
   681 | D:3      | Reached skill level 1 in Throwing
   681 | D:3      | Reached skill level 1 in Armour
   681 | D:3      | Reached skill level 1 in Shields
   681 | D:3      | Reached skill level 1 in Unarmed Combat
   681 | D:3      | Reached skill level 1 in Evocations
   681 | D:3      | Reached XP level 4. HP: 24/32 MP: 1/11
   767 | D:3      | Became a worshipper of Xom the Unpredictable
   812 | D:3      | XOM: butterfly on damage
   820 | D:3      | Learned a level 3 spell: Tukima's Dance
   875 | D:3      | Reached skill level 1 in Conjurations
   875 | D:3      | Reached skill level 1 in Summonings
   875 | D:3      | Reached skill level 1 in Necromancy
   875 | D:3      | Reached skill level 1 in Translocations
   875 | D:3      | Reached skill level 1 in Transmutations
   875 | D:3      | Reached skill level 1 in Fire Magic
   875 | D:3      | Reached skill level 1 in Ice Magic
   875 | D:3      | Reached skill level 1 in Air Magic
   875 | D:3      | Reached skill level 1 in Earth Magic
   875 | D:3      | Reached skill level 1 in Poison Magic
   918 | D:3      | XOM: silly message
   921 | D:3      | XOM: silly message
  1104 | D:3      | XOM: give mutations
  1104 | D:3      | Gained mutation: Your flesh is heat resistant. (rF+) [Xom's
                  | grace]
  1104 | D:3      | Gained mutation: You have extremely sharp teeth. [Xom's
                  | grace]
  1104 | D:3      | Gained mutation: You have sharp fingernails. [Xom's grace]
  1190 | D:3      | XOM: cloud trail
  1202 | D:3      | XOM: 8-stop teleportation journey
  1381 | D:3      | XOM: 3-stop teleportation journey
  1448 | D:3      | Found a runed translucent door.
  1449 | D:3      | Noticed Crazy Yiuf
  1459 | D:3      | Killed Crazy Yiuf
  1460 | D:3      | Reached XP level 5. HP: 37/37 MP: 12/12
  1597 | D:3      | XOM: god gift: 1284 gold pieces
  1688 | D:3      | Noticed a swamp drake
  1688 | D:3      | an orc wizard changed into a swamp drake
  1708 | D:3      | Killed a swamp drake
  1709 | D:3      | Reached skill level 5 in Dodging
  1709 | D:3      | Reached XP level 6. HP: 8/44 MP: 14/14
  1709 | D:3      | XOM: god gift: 45 gold pieces
  1847 | D:3      | Noticed Natasha
  1851 | D:3      | Killed Natasha
  1884 | D:3      | XOM: noise
  2025 | D:3      | XOM: give mutations
  2025 | D:3      | Gained mutation: You have a pair of small horns on your
                  | head. [Xom's grace]
  2025 | D:3      | Gained mutation: You are strong-willed. (Will+) [Xom's
                  | grace]
  2025 | D:3      | Gained mutation: You have an increased reservoir of magic.
                  | (+10% MP) [Xom's grace]
  2034 | D:3      | XOM: 3-stop teleportation journey
  2190 | D:3      | XOM: stat loss: -1 Str (1/4)
  2245 | D:2      | Noticed Sigmund
  2259 | D:2      | Killed Sigmund
  2260 | D:2      | Reached XP level 7. HP: 9/51 MP: 16/16
  2433 | D:2      | XOM: 9-stop teleportation journey
  2628 | D:2      | Identified the +1 robe of Vehumet's Castigation {rPois}
  2642 | D:2      | Found Adeo's Assorted Antiques.
  2645 | D:2      | Bought a scroll labelled NEMAXA DAACA for 19 gold pieces
  2645 | D:2      | Bought a scroll labelled RUINEF ANUURE for 19 gold pieces
  2645 | D:2      | Bought a potion of heal wounds for 95 gold pieces
  2645 | D:2      | Bought a sedimented sapphire potion for 17 gold pieces
  2645 | D:2      | Bought a wand of quicksilver (5) for 399 gold pieces
  2645 | D:2      | Bought a scroll labelled RUINEF ANUURE for 19 gold pieces
  2933 | D:2      | XOM: summons 3 hostile shadow creatures
  3040 | D:2      | XOM: give mutation
  3040 | D:2      | Gained mutation: You are dopey. (Int -2) [Xom's mischief]
  3123 | D:1      | XOM: 5-stop teleportation journey
  3196 | D:1      | Learned a level 3 spell: Dazzling Flash
  3299 | D:1      | Found a faded altar of an unknown god.
  3312 | D:1      | XOM: polymorph ball python -> quokka
  3865 | D:4      | XOM: 1-stop teleportation journey
  3917 | D:4      | XOM: confuse monster(s)
  3982 | D:4      | XOM: give mutation
  3982 | D:4      | Lost mutation: You have sharp fingernails. [Xom's mischief]
  4229 | D:5      | Entered Level 5 of the Dungeon
  4401 | D:5      | Found a glowing drain.
  4405 | Sewer    | Entered a sewer
  4443 | Sewer    | XOM: 1-stop teleportation journey
  4448 | Sewer    | Reached XP level 8. HP: 47/58 MP: 18/18
  4595 | D:5      | XOM: noise
  4840 | D:5      | XOM: torment (27/58 hp)
  4911 | D:5      | XOM: fog
  4912 | D:5      | XOM: scenery: create altars
  5189 | D:5      | XOM: cloud trail
  5208 | D:5      | XOM: scenery: summon butterflies
  5275 | D:5      | XOM: god gift: scroll of teleportation
  5635 | D:6      | Noticed Pikel
  5638 | D:6      | XOM: divination: detect creatures
  5648 | D:6      | XOM: smoke on damage
  5649 | D:6      | HP: 4/87 [Pikel/+2 whip of flaming (2)]
  5652 | D:6      | Killed Pikel
  5653 | D:6      | Reached skill level 7 in Stealth
  5669 | D:6      | XOM: divine lightning
  5670 | D:6      | Reached XP level 9. HP: 26/65 MP: 20/20
  5812 | D:6      | XOM: silly message
  5886 | D:6      | Found a shadowy altar of Dithmenos.
  6020 | D:6      | XOM: summons friendly ufetubus
  6274 | D:7      | Reached skill level 5 in Short Blades
  6526 | D:7      | Identified the +1 pair of gloves "Ekenab" {Stlth+}
  6529 | D:7      | XOM: cleaving
  6610 | D:7      | Found Vianorgh's Assorted Antiques.
  6613 | D:7      | Bought an emerald potion for 25 gold pieces
  6613 | D:7      | Bought a cabochon ring for 140 gold pieces
  6613 | D:7      | Bought a sedimented sapphire potion for 25 gold pieces
  6613 | D:7      | Bought a scroll of blinking for 210 gold pieces
  6613 | D:7      | Bought 2 emerald potions for 50 gold pieces
  6645 | D:7      | XOM: enchant monster (bad)
  6671 | D:7      | Reached skill level 5 in Invocations
  6736 | D:7      | Found a white marble altar of Elyvilon.
  6776 | D:7      | Found a staircase to the Ecumenical Temple.
  6874 | D:7      | XOM: noise
  6891 | D:7      | XOM: potion effect (curing)
  6892 | D:7      | XOM: summons friendly white imp
  6911 | D:7      | Found Aseos's Armour Emporium.
  7072 | D:7      | XOM: give mutations
  7072 | D:7      | Gained mutation: Your body sometimes deteriorates upon
                  | taking damage. [Xom's mischief]
  7072 | D:7      | Lost mutation: You are strong-willed. (Will+) [Xom's
                  | mischief]
  7072 | D:7      | Lost mutation: Your body sometimes deteriorates upon taking
                  | damage. [Xom's mischief]
  7115 | D:7      | XOM: give mutations
  7115 | D:7      | Lost mutation: You are dopey. (Int -2) [Xom's mischief]
  7115 | D:7      | Gained mutation: You occasionally lose the ability to read
                  | scrolls when taking damage. [Xom's mischief]
  7115 | D:7      | Lost mutation: You occasionally lose the ability to read
                  | scrolls when taking damage. [Xom's mischief]
  7115 | D:7      | Lost mutation: Your flesh is heat resistant. (rF+) [Xom's
                  | mischief]
  7182 | D:7      | XOM: stat loss: -1 Dex (12/13)
  7232 | D:7      | XOM: silly message
  7501 | D:8      | Noticed Erica
  7503 | D:8      | XOM: enchant monster (bad)
  7506 | D:8      | XOM: silly message
  7510 | D:8      | HP: 3/67 [something (6)]
  7510 | D:8      | HP: 1/67 [something (2)]
  7663 | D:6      | XOM: draining
  7728 | D:6      | XOM: draining
  7814 | D:7      | Killed Erica
  7815 | D:7      | Reached skill level 5 in Fighting
  7815 | D:7      | Reached skill level 5 in Long Blades
  7815 | D:7      | Reached skill level 5 in Axes
  7815 | D:7      | Reached skill level 5 in Maces & Flails
  7815 | D:7      | Reached skill level 5 in Polearms
  7815 | D:7      | Reached skill level 5 in Staves
  7815 | D:7      | Reached skill level 5 in Ranged Weapons
  7815 | D:7      | Reached skill level 5 in Throwing
  7815 | D:7      | Reached skill level 5 in Armour
  7815 | D:7      | Reached skill level 8 in Stealth
  7815 | D:7      | Reached skill level 5 in Shields
  7815 | D:7      | Reached skill level 5 in Unarmed Combat
  7815 | D:7      | Reached skill level 5 in Evocations
  7815 | D:7      | Reached XP level 10. HP: 27/74 MP: 23/23
  7957 | D:7      | XOM: give mutations
  7957 | D:7      | Gained mutation: Armour fits poorly on your strangely
                  | shaped body. [Xom's mischief]
  7957 | D:7      | Gained mutation: You are strong-willed. (Will+) [Xom's
                  | mischief]
  7957 | D:7      | Gained mutation: You are clumsy. (Dex -2) [Xom's mischief]
  7957 | D:7      | Gained mutation: You occasionally lose the ability to read
                  | scrolls when taking damage. [Xom's mischief]
  8100 | D:8      | XOM: silly message
  8586 | D:8      | XOM: smoke on damage
  8589 | D:8      | XOM: smoke on damage
  8592 | D:8      | XOM: polymorph wyvern -> fire bat
  8834 | D:8      | XOM: enchant monster (bad)
  9454 | D:8      | XOM: torment (33/74 hp)
  9887 | D:9      | Found a staircase to the Orcish Mines.
  9888 | D:9      | Found Doism's General Store.
  9904 | D:9      | XOM: give mutations
  9904 | D:9      | Gained mutation: You are very clumsy. (Dex -4) [Xom's
                  | mischief]
  9904 | D:9      | Gained mutation: You are frail. (-10% HP) [Xom's mischief]
  9904 | D:9      | Lost mutation: You have extremely sharp teeth. [Xom's
                  | mischief]
  9904 | D:9      | Lost mutation: You have a pair of small horns on your head.
                  | [Xom's mischief]
  9933 | D:9      | Bought a potion of might for 48 gold pieces
  9933 | D:9      | Bought a scroll of fear for 48 gold pieces
  9933 | D:9      | Bought a +1 pair of boots for 138 gold pieces
  9933 | D:9      | Bought a scroll of poison for 48 gold pieces
  9944 | Orc:1    | Entered Level 1 of the Orcish Mines
 10095 | D:9      | XOM: draining
 10132 | D:9      | XOM: torment (26/57 hp)
 10389 | D:9      | XOM: 3-stop teleportation journey
 10633 | D:9      | XOM: divine lightning
 10639 | D:9      | HP: 3/65 [yak (8)]
 10643 | D:9      | XOM: cleaving
 10645 | D:9      | Slain by a wyvern

Illustrated notes

Levels and vault maps discovered:
D:1:      lightli_arrival_maybe_door_vault, layout_basic,
          nicolae_ecumenical_snake_handling
D:2:      layout_loops_cross, serial_shops, nicolae_shop_behind_doors,
          uniq_sigmund
D:3:      layout_loops_cross, chequers_temple_overflow_statue_of_worship,
          minmay_snake_closets, uniq_natasha, uniq_crazy_yiuf_cottage
D:4:      layout_cave_pools, kennysheep_path_1, minmay_crystal_water
D:5:      layout_cave_pods, enter_ossuary_2, gup_sewer_entry_spiral
D:6:      layout_loops_ring, grunt_dithmenos_smoke, uniq_pikel
D:7:      layout_loops_corners, elyvilon_altar_5, minmay_temple_entry_tees,
          serial_shops, nicolae_diamond_shop, kennysheep_mini_moat,
          serial_bayou_lagoon_a
D:8:      layout_gridville, serial_bayou, serial_bayou_crossing,
          serial_bayou_pond_e, serial_bayou_pond_e, serial_bayou_shore_b,
          uniq_erica
D:9:      layout_basic, serial_shops, shop
Orc:1:    layout_diamond_mine, serial_shops

Skill      XL: |  1  2  3  4  5  6  7  8  9 10 |
---------------+-------------------------------+-----
Stealth        | 6 7 8 |  8.4
Spellcasting   | 5 6 7 |  7.7
Invocations    | 1 2 3 4 5 6 |  6.3
Fighting       | 1 2 3 5 |  5.7
Long Blades    | 1 2 3 5 |  5.7
Axes           | 1 2 3 5 |  5.7
Maces & Flails | 1 2 3 5 |  5.7
Polearms       | 1 2 3 5 |  5.7
Staves         | 1 2 3 5 |  5.7
Ranged Weapons | 1 2 3 5 |  5.7
Throwing       | 1 2 3 5 |  5.7
Armour         | 1 2 3 5 |  5.7
Shields        | 1 2 3 5 |  5.7
Unarmed Combat | 1 2 3 5 |  5.7
Evocations     | 1 2 3 5 |  5.7
Conjurations   | 1 2 3 4 |  4.7
Summonings     | 1 2 3 4 |  4.7
Necromancy     | 1 2 3 4 |  4.7
Translocations | 1 2 3 4 |  4.7
Transmutations | 1 2 3 4 |  4.7
Fire Magic     | 1 2 3 4 |  4.7
Ice Magic      | 1 2 3 4 |  4.7
Air Magic      | 1 2 3 4 |  4.7
Earth Magic    | 1 2 3 4 |  4.7
Poison Magic   | 1 2 3 4 |  4.7
Short Blades   | 3 4 5 6 |  6.3
Dodging        | 5 6 7 |  7.4
Hexes          | 6 7 |  7.3

Action                   |  1- 3 |  4- 6 |  7- 9 | 10-12 || total
-------------------------+-------+-------+-------+-------++-------
Melee: Dagger            |    19 |    22 |       |       ||    41
       Bite              |     1 |     4 |    22 |     9 ||    36
       Quarterstaff      |       |    41 |   209 |   121 ||   371
       Headbutt          |       |       |    25 |    12 ||    37
Throw: Dart              |       |     4 |    21 |     2 ||    27
 Cast: Ensorcelled Hiber |     8 |    27 |    20 |     7 ||    62
       Tukima's Dance    |       |     7 |    15 |     5 ||    27
       Dazzling Flash    |       |       |     1 |     1 ||     2
Evoke: Wand              |       |     8 |    20 |     5 ||    33
  Use: Potion            |     1 |     5 |     3 |     2 ||    11
       Scroll            |     1 |     1 |    12 |     6 ||    20
 Stab: Sleeping          |     9 |    15 |    27 |     9 ||    60
       Distracted        |       |       |     1 |       ||     1
       Invisible         |       |       |     1 |       ||     1
       Confused          |       |       |       |     1 ||     1
Armor: Robe              |       |    19 |    85 |    46 ||   150
       Skin              |       |       |       |     2 ||     2
Dodge: Dodged            |    14 |    72 |   205 |   151 ||   442
